 Dungeon Crawl Stone Soup version 0.21-a0-518-g43a1781 (webtiles) character file.

4001 Gerstahl the Twirler (level 10, -1/76 HPs)
             Began as a Demonspawn Gladiator on Dec 5, 2017.
             Was an Initiate of Ashenzari.
             Slain by a warg (5 damage)
             ... on level 7 of the Dungeon.
             The game lasted 00:13:05 (6061 turns).

Gerstahl the Twirler (Demonspawn Gladiator)         Turns: 6061, Time: 00:13:06

Health: -1/76      AC: 10    Str: 15    XL:     10   Next: 3%
Magic:  0/12       EV: 16    Int: 10    God:    Ashenzari [......]
Gold:   347        SH:  0    Dex: 17    Spells: 9/9 levels left

rFire    + . .     SeeInvis +   D - +6 trident of Integrity {pierce, +Fly rElec rN+ SInv} (curse)
rCold    + + .     Gourm    .   (no shield)
rNeg     + . .     Faith    .   y - +3 leather armour {rC+} (curse)
rPois    .         Spirit   +   c - +1 helmet
rElec    +         Reflect  .   n - scarf {rC+ rF+}
rCorr    .         Harm     .   (no gloves)
MR       .....     Clarity  +   (boots unavailable)
Stlth    +.........             o - amulet of guardian spirit
HPRegen  0.22/turn              x - ring of wizardry
MPRegen  0.13/turn              (no ring)

@: no status effects
A: talons 3, thin metallic scales 2, clarity, deformed body, low mp 1, spiny 1
a: Curse Item, Renounce Religion, Evoke Flight


You were on level 7 of the Dungeon.
You worshipped Ashenzari.
Ashenzari was noncommittal.
You were very hungry.

You visited 2 branches of the dungeon, and saw 8 of its levels.

You collected 347 gold pieces.

Inventory:

Hand Weapons
 a - a +0 quarterstaff
 D - the cursed +6 trident of Integrity (weapon) {pierce, +Fly rElec rN+ SInv}
   (You found it on level 5 of the Dungeon)

   It inflicts extra damage upon your enemies.
   It insulates you from electricity.
   It protects you from negative energy.
   It lets you see invisible.
   It lets you fly.
   It has a curse placed upon it.
Missiles
 A - a throwing net (quivered)
Armour
 c - a +1 helmet (worn)
 n - a scarf of resistance (worn)
 y - a cursed +3 leather armour of cold resistance (worn)
Jewellery
 o - an amulet of guardian spirit (around neck)
 x - a ring of wizardry (left hand)
Wands
 d - a wand of flame (35)
Scrolls
 e - 4 scrolls of remove curse
 g - a scroll of enchant weapon {unknown}
 i - a scroll of amnesia
 m - 6 scrolls of identify
 v - 4 scrolls of enchant armour
Potions
 s - a potion of degeneration
Books
 b - a book of Flames

   Spells                             Type                      Level
   a - Flame Tongue                   Conjuration/Fire             1
   b - Throw Flame                    Conjuration/Fire             2
   c - Conjure Flame                  Conjuration/Fire             3
   d - Inner Flame                    Hexes/Fire                   3
   e - Sticky Flame                   Conjuration/Fire             4
   f - Fireball                       Conjuration/Fire             5
Comestibles
 f - 5 bread rations
 h - 6 fruits
 u - 2 meat rations
 B - 2 royal jellies


   Skills:
 - Level 6.0 Fighting
 + Level 5.0(6.4) Polearms
 - Level 6.1(6.9) Staves
 - Level 1.7 Throwing
 + Level 5.3 Armour
 + Level 6.1 Dodging
 + Level 5.8 Evocations


You had 9 spell levels left.
You didn't know any spells.

Dungeon Overview and Level Annotations

Branches:
Dungeon (7/15)             Temple (1/1) D:6

Altars:
Ashenzari
Cheibriados
Dithmenos
Elyvilon
Fedhas
Gozag
Hepliaklqana
Makhleb
Nemelex Xobeh
Okawaru
Qazlal
Sif Muna
Trog
Uskayaw
Vehumet
Xom
Zin
The Shining One
Lugonu

Shops:
D:5 :   D:6 [[*(

Annotations:
D:6 exclusion: oklob plant


Innate Abilities, Weirdness & Mutations

You have claws for feet.
You are mostly covered in thin metallic scales. (AC +3)
You are partially covered in sharp spines.
You possess an exceptional clarity of mind.
Armour fits poorly on your strangely shaped body.
Your magical capacity is low. (-10% MP)


Message History

* * * LOW HITPOINT WARNING * * *
The warg bites the plant but does no damage.
The warg is struck by your spines. The warg bites you.
* * * LOW HITPOINT WARNING * * *
The warg bites the plant!
The warg completely misses the plant.
The warg is struck by your spines. The warg misses you.
The warg closely misses you. The warg misses you. The warg bites you!
* * * LOW HITPOINT WARNING * * *
The warg bites you.
* * * LOW HITPOINT WARNING * * *
You hear a blaring wail to the east.
You hear a howl! x2; You hear a shout! x10
The warg is struck by your spines. The warg bites you.
* * * LOW HITPOINT WARNING * * *
The warg is struck by your spines. The warg barely misses you.
You are feeling very hungry.
The warg is struck by your spines. The warg closely misses you.
The warg bites you!
You die...

#......#.#....####..
#......#.#.#.....#...#
######h#.#.#.#.#.#...#
#h#.#.#.###(#...#
#h#........)#...#
###h#.....###.#...#.
#.............#.....
#####.#h#.#.......#.....
#......@#.######........
#.......#...............
#.......#########.......
#.............###.#.....
#......######...........
#......# #...........
#......# ##...........
#......# #...#########
#......# #...#


You could see 5 wargs.

Vanquished Creatures
  The ghost of Laiders the Blocker, a novice GrFi of Nemelex Xobeh (D:6)
  2 hippogriffs (D:7)
  Sigmund (D:4)
  A hungry ghost (D:7)
  7 wargs (D:7)
  Menkaure (D:5)
  Duvessa (D:4)
  2 orc warriors (D:6)
  An ice beast (D:5)
  A sky beast (D:6)
  A phantom (D:7)
  2 ogres
  2 centaurs (D:6)
  2 bullfrogs (D:7)
  Dowan (D:4)
  2 scorpions
  2 howler monkeys (D:4)
  2 crimson imps
  2 orc priests (D:6)
  3 hounds
  2 jellies
  5 orc wizards
  An iguana (D:4)
  Natasha (thrice) (D:2 D:3)
  9 worker ants
  A hound skeleton (D:4)
  5 adders
  An adder skeleton (D:4)
  A worm (D:4)
  2 dart slugs (D:1)
  10 leopard geckos
  21 orcs
  A bat (D:3)
  2 giant cockroaches (D:3)
  6 goblins
  3 hobgoblins (D:3)
  7 jackals
  4 kobolds
  2 quokkas
  A ball python (D:3)
  A ball python skeleton (D:4)
  3 frilled lizards
  A leopard gecko skeleton (D:5)
  5 rats
134 creatures vanquished.

Vanquished Creatures (others)
  2 fungi (D:6)
  3 plants
5 creatures vanquished.

Grand Total: 139 creatures vanquished

Notes
Turn   | Place    | Note
-------+----------+-------------------------------------------
     0 | D:1      | Gerstahl the Demonspawn Gladiator began the quest for the Orb.
     0 | D:1      | Reached XP level 1. HP: 16/16 MP: 1/1
   204 | D:1      | Gained mutation: You are partially covered in sharp spines. [demonic ancestry]
   204 | D:1      | Reached XP level 2. HP: 17/23 MP: 2/2
   812 | D:2      | Found an opulent altar of Gozag.
   893 | D:2      | Found a snail-covered altar of Cheibriados.
   935 | D:2      | Found a deep blue altar of Sif Muna.
  1051 | D:2      | Noticed Natasha
  1056 | D:2      | Killed Natasha
  1056 | D:2      | Reached XP level 3. HP: 23/29 MP: 3/3
  1084 | D:2      | Noticed Natasha
  1088 | D:2      | Killed Natasha
  1088 | D:2      | Reached XP level 4. HP: 26/35 MP: 4/4
  1126 | D:3      | Noticed Natasha
  1131 | D:3      | Killed Natasha
  1163 | D:3      | Noticed a hand axe
  1164 | D:3      | Noticed a dagger
  1175 | D:3      | Found a hide-covered altar of Uskayaw.
  1696 | D:3      | Gained mutation: You have sharp toenails. [demonic ancestry]
  1696 | D:3      | Reached XP level 5. HP: 38/42 MP: 5/5
  2172 | D:2      | Found an iron altar of Okawaru.
  2172 | D:2      | Found a radiant altar of Vehumet.
  2198 | D:4      | Noticed Dowan
  2229 | D:4      | Found an iron altar of Okawaru.
  2233 | D:4      | Found a white marble altar of Elyvilon.
  2259 | D:4      | Noticed Duvessa
  2280 | D:4      | Gained mutation: You have razor-sharp toenails. [demonic ancestry]
  2280 | D:4      | Reached XP level 6. HP: 46/49 MP: 6/6
  2288 | D:4      | Killed Duvessa
  2288 | D:4      | Reached skill level 5 in Fighting
  2288 | D:4      | Reached skill level 5 in Staves
  2314 | D:4      | Killed Dowan
  2517 | D:4      | Noticed Sigmund
  2530 | D:4      | Killed Sigmund
  2530 | D:4      | Reached XP level 7. HP: 46/57 MP: 7/7
  3086 | D:4      | Found a burning altar of Makhleb.
  3207 | D:5      | Entered Level 5 of the Dungeon
  3227 | D:5      | Reached skill level 1 in Evocations
  3235 | D:5      | Reached skill level 1 in Armour
  3252 | D:5      | Found Onky's Book Shoppe.
  3371 | D:5      | Got a jewelled trident
  3372 | D:5      | Identified the +6 trident of Integrity {pierce, +Fly rElec rN+ SInv} (You found it on level 5 of the Dungeon)
  3500 | D:5      | Found a stormy altar of Qazlal.
  3510 | D:5      | Gained mutation: You have claws for feet. [demonic ancestry]
  3510 | D:5      | Reached XP level 8. HP: 50/64 MP: 9/9
  3961 | D:5      | Noticed Menkaure
  3963 | D:5      | Found a glowing silver altar of Zin.
  3967 | D:5      | Killed Menkaure
  3967 | D:5      | Reached skill level 1 in Polearms
  4017 | D:6      | Found Houkot's Weapon Emporium.
  4106 | D:6      | Found a staircase to the Ecumenical Temple.
  4136 | Temple   | Entered the Ecumenical Temple
  4160 | Temple   | Became a worshipper of Ashenzari the Shackled
  4377 | D:6      | Found Gufra's General Store.
  4409 | D:6      | Noticed Laiders's ghost (novice GrFi)
  4423 | D:6      | HP: 3/64 [Laiders's ghost (2)]
  4428 | D:6      | Killed Laiders's ghost
  4605 | D:6      | Gained mutation: You are partially covered in thin metallic scales. (AC +2) [demonic ancestry]
  4605 | D:6      | Reached XP level 9. HP: 62/69 MP: 10/12
  4825 | D:6      | Found Kuchaate's Armour Boutique.
  4848 | D:6      | Reached skill level 5 in Dodging
  4940 | D:6      | Found a blossoming altar of Fedhas.
  4962 | D:6      | Noticed an oklob plant
  5034 | D:6      | Found Gaunleys's Armour Emporium.
  5272 | D:6      | Gained mutation: Your magical capacity is low. (-10% MP) [potion of mutation]
  5272 | D:6      | Gained mutation: Armour fits poorly on your strangely shaped body. [potion of mutation]
  5272 | D:6      | Gained mutation: You are mostly covered in thin metallic scales. (AC +3) [potion of mutation]
  5272 | D:6      | Gained mutation: You possess an exceptional clarity of mind. [potion of mutation]
  5419 | D:7      | Reached skill level 5 in Evocations
  5735 | D:7      | Reached skill level 5 in Armour
  6012 | D:7      | Reached XP level 10. HP: 72/76 MP: 10/12
  6020 | D:7      | Reached skill level 5 in Polearms
  6051 | D:7      | HP: 2/76 [warg (3)]
  6061 | D:7      | Slain by a warg

Vault maps used:
D:1:      erik_arrival_blinker_ship, bh_walls_and_bars
D:2:      lemuel_crystal_altar, nicolae_overflow_hidden_temple,
          lemuel_doored_altar, kennysheep_generic_room_11, uniq_natasha
D:3:      dancing_weapons_uskayaw, minivault_14, serial_bayou_lagoon_a
D:4:      overflow_temple_1_default, elyvilon_altar_5, chequers_big_river,
          okawaru_metal_pillars_3, uniq_sigmund, uniq_duvessa
D:5:      old_standard_altar, zin_academy, serial_shops, shop, first_bread,
          corexii_checkpoint_a, uniq_menkaure
D:6:      tgw_fedhas, minmay_temple_entry_overgrown, serial_shops,
          nicolae_shop_stone, shop, shop, kennysheep_mini_moat
D:7:      lemuel_castle_with_subvaults
Temple:   corrupted_temple

Skill      XL: |  1  2  3  4  5  6  7  8  9 10 |
---------------+-------------------------------+-----
Staves         | 3 4 5 6 |  6.1
Fighting       | 3 4 5 6 |  6.0
Evocations     | 1 4 5 |  5.8
Armour         | 1 3 5 |  5.3
Dodging        | 3 4 6 |  6.1
Polearms       | 3 4 5 |  5.0
Throwing       | |  1.7

Action                   |  1- 3 |  4- 6 |  7- 9 | 10-12 || total
-------------------------+-------+-------+-------+-------++-------
Melee: Quarterstaff      |    47 |    95 |    37 |       ||   179
       Kick              |       |    20 |    53 |       ||    73
       Trident           |       |       |   156 |     3 ||   159
Throw: Throwing net      |       |     3 |       |       ||     3
Invok: Curse Item        |       |       |     2 |       ||     2
  Use: Potion            |       |       |    11 |       ||    11
       Scroll            |       |       |     6 |       ||     6
 Stab: Sleeping          |     2 |     3 |       |       ||     5
       Distracted        |       |     1 |       |       ||     1
       Held in net/web   |       |     2 |       |       ||     2
       Invisible         |       |       |     3 |       ||     3
  Eat: Chunk             |     1 |     4 |    10 |       ||    15
       Royal jelly       |       |       |     1 |       ||     1
Armor: Leather armour    |     8 |    16 |    39 |     5 ||    68
       Skin              |       |       |     5 |       ||     5
Dodge: Dodged            |    21 |    47 |   107 |    29 ||   204

Table legend:
 A = Spawn XP
 B = Non-spawn XP
 C = Spawn XP percentage of total XP
 D = Spawn monster count
 E = Non-spawn monster count
 F = Spawn count percentage of total count
 G = Total turns spent on level
                    A         B        C        D         E        F      G
               +---------+---------+-------+---------+---------+-------+---------
         Total |       0 |    5717 |   0.0 |       0 |     134 |   0.0 |  6061
               +---------+---------+-------+---------+---------+-------+---------
           D:1 |       0 |      18 |   0.0 |       0 |       7 |   0.0 |   687
           D:2 |       0 |      88 |   0.0 |       0 |      16 |   0.0 |   440
           D:3 |       0 |     167 |   0.0 |       0 |      29 |   0.0 |  1091
           D:4 |       0 |     841 |   0.0 |       0 |      20 |   0.0 |   989
           D:5 |       0 |     523 |   0.0 |       0 |      15 |   0.0 |   795
           D:6 |       0 |    1679 |   0.0 |       0 |      26 |   0.0 |  1228
           D:7 |       0 |    2401 |   0.0 |       0 |      21 |   0.0 |   788
               +---------+---------+-------+---------+---------+-------+---------
